 Dungeon Crawl Stone Soup version 0.31.0-12-g77e489cdc1 (webtiles) character file.

Game seed: 6346706428194818938

2225 Gadfly the Trooper (level 9, 0/93 HPs)
             Began as an Oni Berserker on Feb 21, 2024.
             Was a Priest of Trog.
             Slain by a gnoll sergeant
             ... wielding a +1 spear of venom
              (7 damage)
             ... on level 6 of the Dungeon.
             The game lasted 00:09:47 (7418 turns).

Gadfly the Trooper (Oni Berserker)                  Turns: 7418, Time: 00:09:49

Health: 0/93       AC:  3    Str: 24    XL:     9   Next: 35%
Magic:  0/3        EV: 10    Int: 10    God:    Trog [***...]
Gold:   200        SH:  0    Dex: 14    Spells: 8/8 levels left

rFire   + + +        a - +11 whip of Departure {antimagic, rF++ Int+3}
rCold   . . .        h - orb {light}
rNeg    . . .        n - +1 robe
rPois   .            p - +0 hat
rElec   .            (no cloak)
rCorr   .            (gloves unavailable)
SInv    +            (boots unavailable)
Will    .....        x - amulet of guardian spirit
Stlth   +            f - ring of protection from fire
HPRegen 0.35/turn    j - ring of see invisible
MPRegen 0.08/turn

%: guardian spirit
@: lethally poisoned (0 -> -16), on berserk cooldown, glowing
A: large, unfitting armour, horns 1, tough skin 1, double potion healing,
drunken brawling, agile 1, deformed body, fire resistance 1
a: Renounce Religion, Berserk, Trog's Hand


You were on level 6 of the Dungeon.
You worshipped Trog.
Trog was most pleased with you.
You visited 1 branch of the dungeon, and saw 6 of its levels.
You also visited: Sewer.

You collected 200 gold pieces.

Inventory:

Hand Weapons
 a - the +11 whip of Departure (weapon) {antimagic, rF++ Int+3}
   (You took it off a gnoll on level 4 of the Dungeon)

   Int+3:     It affects your intelligence (+3).
   rF++:      It greatly protects you from fire.
 b - a +0 flail of protection
 s - a +0 morningstar
 w - the +1 falchion "Ugionacw" {flame, Dex+5}
   (You found it on level 6 of the Dungeon)

   Dex+5:     It affects your dexterity (+5).
Armour
 h - an orb of light (worn)
 n - a +1 robe (worn)
 p - a +0 hat (worn)
Jewellery
 f - a ring of protection from fire (left hand)
 j - a ring of see invisible (right hand)
 l - a ring of ice
 x - an amulet of guardian spirit (around neck)
Wands
 m - a wand of flame (11) (quivered)
Scrolls
 d - 2 scrolls of enchant armour
 g - 2 scrolls of revelation
 i - a scroll of identify
 k - a scroll of poison
 r - 4 scrolls of silence
 y - a scroll of teleportation
 z - a scroll of acquirement {unknown}
Potions
 c - 3 potions of mutation
 e - a potion of berserk rage
 q - 2 potions of attraction
 t - 2 potions of might
 u - a potion of enlightenment {unknown}
 v - a potion of haste


   Skills:
 + Level 7.3 Fighting
 * Level 7.2 Maces & Flails
 * Level 5.7 Armour
 - Level 2.6 Dodging
 * Level 5.1 Evocations


You had 8 spell levels left.
You didn't know any spells.
Your spell library was empty.

Dungeon Overview and Level Annotations

Branches:
Dungeon (6/15)              Sewer (visited)
 Temple: D:4-7

Altars:
Cheibriados
Trog


Innate Abilities, Weirdness & Mutations

You are too large for most types of armour.
You have a pair of small horns on your head.
You have tough skin. (AC +1)
You gain doubled healing and magic from potions.
Whenever you drink a healing potion, you attack all around you.
You are agile. (Dex +4, Str/Int -1)
Armour fits poorly on your strangely shaped body.
Your flesh is heat resistant. (rF+)


Message History

You are no longer berserk.
You are exhausted.
You feel yourself slow down.
You start resting.
A gnoll sergeant comes into view. It is wielding a +1 spear of venom.
A gnoll sergeant is nearby!
Things that are here:
a yak corpse; a yak corpse; a yak corpse You feel yourself speed up.
You see here a yak corpse.
The gnoll sergeant attacks as it pursues you!
The gnoll sergeant hits you from afar with a +1 spear of venom!
* * * LOW HITPOINT WARNING * * *
You are lethally poisoned!
Okay, then.
You savour every drop.
You feel much better.
You feel very sick.
The gnoll sergeant completely misses you.
You feel very sick.
The gnoll sergeant hits you with a +1 spear of venom!
* * * LOW HITPOINT WARNING * * *
You are lethally poisoned!
You hit the gnoll sergeant.
You headbutt the gnoll sergeant, but do no damage.
The gnoll sergeant is lightly wounded.
* * * LOW HITPOINT WARNING * * *
You feel very sick.
You whack the gnoll sergeant!
The gnoll sergeant is heavily wounded.
* * * LOW HITPOINT WARNING * * *
You feel very sick.
The gnoll sergeant hits you with a +1 spear of venom.
* * * LOW HITPOINT WARNING * * *
You hit the gnoll sergeant.
You headbutt the gnoll sergeant, but do no damage.
The gnoll sergeant is severely wounded.
* * * LOW HITPOINT WARNING * * *
You feel very sick.
The gnoll sergeant hits you with a +1 spear of venom!
You die...

#.. ... .# #..# ##.## ... #
#...##...# .... ##.
........###....
#..##.#.....#......
#...#.#............ .....
#../.......................
#.......g@................
#....††###................
###..#†# .................
####.####.#..##.......##
#..####.#### #.......#
#........# ##.......#
#....##....##.........
####.##..#..........#.
#..#..#.......####.


You could see a gnoll sergeant.

Vanquished Creatures
  Prince Ribbit (D:5)
  Eustachio (D:4)
  6 yaks (D:6)
  Edmund (D:5)
  A black bear (D:3)
  An ogre (D:6)
  A crocodile (Sewer)
  A bombardier beetle (D:5)
  4 orc priests
  4 hounds
  Jessica (D:2)
  2 iguanas
  An orc wizard (D:5)
  A sleepcap (D:4)
  6 gnolls
  4 adders
  A shadow imp (D:5)
  A white imp (D:3)
  2 ufetubi (D:3)
  A ribbon worm (D:2)
  2 dart slugs
  7 orcs
  10 bats
  6 endoplasms
  5 giant cockroaches
  13 goblins
  9 hobgoblins
  16 jackals
  6 quokkas
  10 ball pythons
  5 frilled lizards
  7 kobolds
  3 rats
140 creatures vanquished.

Notes
Turn   | Place    | Note
-------+----------+-------------------------------------------
     0 | D:1      | Gadfly the Oni Berserker began the quest for the Orb.
     0 | D:1      | Reached XP level 1. HP: 24/24 MP: 1/1
   203 | D:1      | Reached XP level 2. HP: 32/32 MP: 2/2
   597 | D:1      | Reached skill level 1 in Armour
   597 | D:1      | Reached XP level 3. HP: 7/39 MP: 3/3
   608 | D:1      | Reached ** piety under Trog
   609 | D:1      | Reached skill level 1 in Evocations
  1345 | D:2      | Reached XP level 4. HP: 38/46 MP: 4/4
  1422 | D:2      | Noticed Jessica
  1431 | D:2      | Killed Jessica
  1543 | D:2      | Gained mutation: Armour fits poorly on your strangely
                  | shaped body. [potion of mutation]
  1543 | D:2      | Gained mutation: You are agile. (Dex +4, Str/Int -1)
                  | [potion of mutation]
  1543 | D:2      | Gained mutation: Your flesh is heat resistant. (rF+)
                  | [potion of mutation]
  2016 | D:2      | Reached *** piety under Trog
  2308 | D:3      | Reached XP level 5. HP: 46/55 MP: 5/5
  2320 | D:3      | HP: 2/55 [poisoned by an adder]
  2765 | D:3      | Identified the +0 spear "Wemn" {drain, rC+}
  3040 | D:4      | Noticed a black bear
  3059 | D:3      | Killed a black bear
  3060 | D:3      | Reached skill level 5 in Fighting
  3060 | D:3      | Reached XP level 6. HP: 12/66 MP: 6/6
  3970 | D:4      | Found a bloodstained altar of Trog.
  4773 | D:5      | Entered Level 5 of the Dungeon
  4854 | D:5      | Found a glowing drain.
  4877 | Sewer    | Entered a sewer
  4956 | Sewer    | Reached XP level 7. HP: 49/72 MP: 7/7
  5258 | D:5      | Reached skill level 5 in Maces & Flails
  5332 | D:5      | Noticed Prince Ribbit
  5333 | D:5      | Noticed Eustachio
  5516 | D:5      | Identified the +11 whip of Departure {antimagic, rF++
                  | Int+3}
  5670 | D:4      | Killed Eustachio
  5955 | D:5      | Killed Prince Ribbit
  5956 | D:5      | Reached XP level 8. HP: 6/83 MP: 2/8
  6329 | D:5      | Noticed Edmund
  6342 | D:5      | Killed Edmund
  6512 | D:5      | Found a snail-covered altar of Cheibriados.
  7222 | D:6      | Identified the +1 falchion "Ugionacw" {flame, Dex+5}
  7357 | D:6      | Noticed a yak
  7358 | D:6      | Noticed a yak
  7358 | D:6      | Noticed a yak
  7359 | D:6      | Noticed a yak
  7359 | D:6      | Noticed a yak
  7360 | D:6      | Noticed a yak
  7362 | D:6      | Killed a yak
  7366 | D:6      | Reached skill level 5 in Armour
  7375 | D:6      | Killed a yak
  7376 | D:6      | Reached XP level 9. HP: 19/92 MP: 0/9
  7388 | D:6      | HP: 4/139 [yak (10)]
  7389 | D:6      | Reached skill level 5 in Evocations
  7418 | D:6      | Slain by a gnoll sergeant

Illustrated notes

Levels and vault maps discovered:
D:1:      spicycebolla_green_bress_n_ham_2, layout_basic,
          minmay_misc_feat_enclosed, minivault_25
D:2:      layout_basic, uniq_jessica
D:3:      layout_loops_ring
D:4:      layout_cave_pods, mainiacjoe_overflow_concentric_impassable
D:5:      layout_basic, mainiacjoe_overflow_alcove_1, portal_sewer_entry_f,
          uniq_eustachio, uniq_edmund, uniq_prince_ribbit1
D:6:      layout_cave_pools, minmay_misc_feat_doors

Skill      XL: |  1  2  3  4  5  6  7  8  9 |
---------------+----------------------------+-----
Armour         | 1 2 3 4 5 |  5.7
Evocations     | 1 2 3 4 5 |  5.1
Maces & Flails | 4 5 6 7 |  7.2
Fighting       | 5 6 7 |  7.3
Dodging        | |  2.6

Action                     |  1- 3 |  4- 6 |  7- 9 || total
---------------------------+-------+-------+-------++-------
  Melee: Mace              |   120 |   115 |       ||   235
         Headbutt          |    11 |    28 |    35 ||    74
         Morningstar       |       |    67 |    39 ||   106
         Whip              |       |       |    88 ||    88
         Flail             |       |       |     6 ||     6
 Invoke: Berserk           |     1 |     1 |     1 ||     3
         Trog's Hand       |       |       |     1 ||     1
  Evoke: Wand              |       |     1 |       ||     1
    Use: Scroll            |     1 |    11 |     4 ||    16
         Potion            |     1 |     7 |     1 ||     9
   Stab: Sleeping          |       |     3 |       ||     3
 Armour: Animal skin       |   117 |     3 |       ||   120
         Robe              |       |   146 |    94 ||   240
         Skin              |       |     1 |       ||     1
  Dodge: Dodged            |    88 |   111 |    73 ||   272
